Map: Dusk Towers

Players

Calt - Winner!

  • Race: Terran Terran
  • League: Master

Onva

  • Race: Protoss Protoss
  • League: Platinum

VOD

Have the link to the VOD?

Description

Time

  • Played on: Nov. 16, 2015, 11:23 a.m.
  • Length: 13:23
Show
View Real Time Build Order
Export as new Build Order

Calt Terran - Winner!

Build Orders: Reaper Expand, MMM Bio 

Get SALT Encoding   

  12  0:00  SCV  
  13  0:13  SCV  
  14  0:17  Supply Depot  
  14  0:25  SCV  
  15  0:39  SCV  
  15  0:40  Barracks  
  16  0:47  Refinery  
  16  0:51  SCV  
  17  1:03  SCV  
  18  1:15  SCV  
  19  1:27  Orbital Command  
  19  1:29  Reaper  
  20  1:42  Command Center  
  20  1:53  SCV  
  21  2:05  SCV  
  22  2:09  Factory, Refinery  
  22  2:10  Supply Depot  
  22  2:15  Barracks Tech Lab  
  22  2:17  SCV  
  23  2:31  SCV  
  24  2:44  SCV  
  27  2:53  Supply Depot  
  25  3:00  Orbital Command  
  25  3:02  Barracks  
  25  3:03  Cyclone  
  25  3:04  Barracks  
  28  3:07  Marine  
  28  3:11  SCV  
  30  3:23  SCV  
  30  3:25  SCV  
  32  3:35  SCV  
  32  3:37  SCV  
  34  3:43  Stimpack, Marauder  
  34  3:46  Supply Depot  
  34  3:47  SCV, Factory Reactor  
  37  3:50  SCV  
  37  3:53  Barracks Reactor, Barracks Tech Lab  
  38  3:57  Refinery  
  38  3:59  SCV  
  39  4:03  SCV  
  39  4:05  Engineering Bay  
  39  4:08  Marauder  
  42  4:11  SCV  
  42  4:14  Marauder  
  42  4:15  SCV, Combat Shields  
  46  4:23  SCV  
  47  4:27  SCV  
  47  4:28  Widow Mine x2  
  47  4:29  Marauder  
  54  4:35  SCV  
  55  4:40  SCV  
  55  4:43  Missile Turret  
  55  4:44  Missile Turret  
  55  4:45  Marine x2  
  55  4:46  Starport  
  55  4:50  SCV  
  58  4:53  SCV, Marauder  
  59  5:00  Widow Mine, Marine  
  59  5:02  SCV  
  62  5:13  Supply Depot  
  62  5:20  Supply Depot  
  62  5:25  Command Center  
  62  5:34  SCV  
  62  5:35  Marine  
  62  5:36  SCV  
  62  5:41  Medivac x2  
  64  5:46  SCV  
  64  5:47  Concussive Shells, Marauder  
  64  5:48  SCV, Widow Mine  
  64  5:49  Marauder  
  72  5:56  Supply Depot  
  72  5:57  Marine  
  72  5:58  SCV  
  72  6:00  SCV  
  72  6:01  Supply Depot  
  72  6:02  Terran Infantry Weapons Level 1  
  75  6:11  SCV  
  76  6:12  Marauder  
  76  6:18  SCV, Medivac  
  79  6:19  Medivac  
  79  6:23  SCV  
  79  6:24  Marauder, Widow Mine, Marine x2  
  90  6:28  Refinery  
  90  6:30  SCV  
  91  6:35  SCV  
  91  6:37  Marauder, Orbital Command  
  94  6:40  Barracks  
  94  6:42  SCV, Barracks  
  94  6:43  Marine  
  96  6:47  SCV  
  96  6:50  Marine  
  96  6:51  Marauder  
  99  6:54  SCV  
  99  6:58  Medivac  
  99  6:59  SCV, Marauder  
  105  7:03  Orbital Command  
  105  7:04  Widow Mine  
  105  7:06  SCV  
  108  7:10  Marine  
  108  7:14  Supply Depot x2  
  108  7:15  SCV, Marauder, Marine  
  113  7:25  Barracks  
  113  7:27  Barracks  
  113  7:30  Barracks Reactor, Barracks Tech Lab  
  113  7:32  SCV x2  
  113  7:33  Missile Turret  
  113  7:34  SCV  
  116  7:44  SCV x2  
  116  7:49  Marine x2  
  116  7:50  Marauder  
  115  7:52  Marauder, Marine  
  115  7:58  Medivac  
  120  7:59  Widow Mine  
  122  8:07  Marine x2  
  122  8:08  SCV  
  122  8:10  Marine, Marauder  
  122  8:11  Marauder  
  117  8:14  Marauder  
  114  8:21  Marine  
  114  8:25  Refinery  
  115  8:28  Barracks Tech Lab  
  115  8:29  Barracks Reactor, Refinery  
  115  8:30  Command Center, Marine x2  
  115  8:31  Terran Infantry Armor Level 1, Marauder  
  115  8:33  Marauder  
  121  8:34  Armory, Engineering Bay  
  121  8:39  SCV  
  122  8:48  Marine  
  118  8:49  Marauder x2  
  118  8:51  SCV x2  
  118  8:53  Marauder  
  118  8:54  Marauder  
  129  8:58  Supply Depot  
  129  9:02  Liberator x2  
  129  9:06  Marine x2  
  129  9:09  Factory Reactor  
  133  9:10  Marauder  
  133  9:11  Marauder  
  133  9:13  Starport  
  133  9:19  Marine  
  133  9:20  Marauder  
  141  9:27  Supply Depot x2  
  141  9:29  Marine, Marauder  
  140  9:32  Marauder  
  140  9:34  SCV  
  125  9:46  Marine x2  
  125  9:47  Marauder x2  
  125  9:50  Liberator  
  125  9:51  Liberator  
  131  9:55  Marine  
  131  9:56  Marauder x2  
  131  9:59  Terran Infantry Weapons Level 2  
  136  10:01  Supply Depot  
  136  10:04  Command Center  
  136  10:07  Factory Reactor  
  136  10:08  Marauder x2  
  136  10:09  Terran Vehicle And Ship Armor Level 1  
  146  10:22  Planetary Fortress  
  146  10:27  Marauder x2, Marine  
  151  10:28  Missile Turret  
  151  10:38  Marauder x2, Marine  
  151  10:42  Terran Infantry Armor Level 2  
  156  10:46  Widow Mine, Marine x2  
  156  10:48  Refinery, Marauder  
  162  10:50  Liberator x2  
  162  10:51  Liberator x2  
  162  10:57  Missile Turret  
  174  11:13  Marauder  
  174  11:14  Marauder x2  
  174  11:16  Marauder  
  174  11:18  Supply Depot  
  181  11:19  Supply Depot  
  181  11:26  Ghost Academy  
  176  11:50  Liberator x3, Marine x3  
  176  11:51  Marauder x2  
  176  11:52  Widow Mine x2  
  136  12:04  Marine x2, Marauder x2  
  141  12:12  Marauder x2  
  141  12:15  Barracks  
  141  12:16  Barracks  
  141  12:17  Command Center, Barracks  
  141  12:21  Marine x3  
  144  12:26  Marauder  
  144  12:27  Marauder, Marine  
  149  12:33  Marauder  
  149  12:34  Marauder  
  149  12:36  Marine x2  
  155  12:39  Marine  
  155  12:40  Planetary Fortress  
  156  12:47  Marauder  
  156  12:49  Missile Turret, Marauder  
  160  12:52  Marine x2  
  160  12:55  Marauder x2  
  160  12:57  Refinery  
Show
View Real Time Build Order
Export as new Build Order

Onva Protoss 

Build Orders: 1 Gate Expand, Oracle Opening 

Get SALT Encoding   

  12  0:01  Probe (Chrono Boost)  
  13  0:11  Probe (Chrono Boost)  
  14  0:18  Pylon  
  14  0:22  Probe (Chrono Boost)  
  15  0:36  Probe (Chrono Boost)  
  15  0:37  Gateway  
  16  0:44  Assimilator  
  16  0:46  Probe (Chrono Boost)  
  17  0:57  Probe (Chrono Boost)  
  18  1:08  Probe (Chrono Boost)  
  19  1:22  Nexus  
  20  1:31  Cybernetics Core  
  19  1:34  Probe (Chrono Boost)  
  20  1:43  Pylon  
  20  1:45  Probe (Chrono Boost)  
  21  1:52  Assimilator  
  21  1:56  Probe (Chrono Boost)  
  22  2:08  Mothership Core (Chrono Boost), Adept (Chrono Boost)  
  26  2:15  Pylon  
  26  2:19  Warp Gate (Chrono Boost)  
  26  2:29  Probe  
  27  2:32  Adept (Chrono Boost)  
  29  2:39  Probe  
  29  2:41  Probe  
  31  2:50  Probe  
  31  2:53  Probe  
  31  2:56  Stargate  
  33  3:00  Probe  
  34  3:05  Probe  
  34  3:11  Probe  
  35  3:18  Probe  
  37  3:22  Probe  
  37  3:23  Gateway  
  38  3:28  Stalker  
  38  3:30  Probe  
  38  3:32  Probe  
  42  3:40  Oracle (Chrono Boost)  
  45  3:42  Probe  
  45  3:43  Probe  
  45  3:46  Assimilator  
  45  3:47  Pylon  
  47  3:53  Probe  
  47  3:54  Probe  
  49  4:01  Robotics Facility  
  49  4:03  Stalker  
  49  4:05  Probe (Chrono Boost)  
  49  4:06  Probe (Chrono Boost)  
  53  4:14  Stalker  
  55  4:17  Probe (Chrono Boost)  
  55  4:18  Probe (Chrono Boost)  
  55  4:28  Probe (Chrono Boost)  
  55  4:29  Probe (Chrono Boost)  
  56  4:38  Probe (Chrono Boost)  
  56  4:39  Probe (Chrono Boost)  
  57  4:49  Probe (Chrono Boost)  
  57  4:50  Twilight Council, Observer, Probe (Chrono Boost)  
  60  4:53  Gateway  
  60  4:59  Probe (Chrono Boost)  
  61  5:00  Probe (Chrono Boost)  
  62  5:07  Gateway, Pylon  
  62  5:10  Assimilator  
  62  5:22  Nexus, Robotics Bay  
  62  5:26  Probe x2 (Chrono Boost), Observer, Pylon  
  65  5:35  Stalker x2  
  69  5:43  Blink (Chrono Boost)  
  69  5:48  Gateway, Probe (Chrono Boost)  
  69  5:49  Probe (Chrono Boost), Assimilator  
  71  5:57  Probe  
  71  5:59  Probe, Forge  
  71  6:04  Pylon  
  73  6:06  Pylon  
  73  6:07  Stalker x2  
  77  6:13  Pylon  
  77  6:15  Probe, Pylon  
  78  6:24  Gateway x2  
  78  6:31  Adept x2  
  78  6:32  Adept x2  
  86  6:36  Protoss Ground Weapons Level 1 (Chrono Boost)  
  86  6:38  Probe x2  
  88  6:54  Adept x4  
  90  6:55  Disruptor  
  99  7:03  Probe  
  100  7:09  Probe  
  100  7:10  Probe, Pylon  
  100  7:12  Forge  
  102  7:19  Stalker x4  
  110  7:25  Charge  
  110  7:29  Assimilator  
  110  7:36  Disruptor  
  113  7:38  Stalker x2  
  113  7:39  Stalker  
  118  7:52  Probe x2  
  113  8:05  Zealot x3  
  110  8:06  Zealot x4  
  101  8:22  Probe x2  
  101  8:24  Photon Cannon  
  103  8:28  Observer  
  103  8:29  Probe  
  101  8:34  Probe x2  
  101  8:40  Stalker x4  
  101  8:41  Stalker x3  
  117  8:46  Probe  
  117  8:47  Probe x2  
  119  8:54  Warp Prism  
  121  9:02  Probe x2  
  119  9:04  Zealot  
  121  9:17  Probe x2  
  123  9:23  Zealot x3  
  123  9:24  Probe  
  129  9:29  Probe  
  98  9:50  Probe  
  98  9:52  Probe x2  
  93  9:53  Disruptor  
  96  10:01  Probe, Photon Cannon  
  96  10:02  Zealot x5  
  96  10:03  Zealot  
  109  10:08  Templar Archives  
  109  10:09  Probe x2, Protoss Ground Weapons Level 2 (Chrono Boost)  
  111  10:15  Protoss Ground Armor Level 1 (Chrono Boost)  
  111  10:26  Probe x2  
  114  10:35  Observer  
  114  10:40  Photon Cannon  
  114  10:41  Psionic Storm  
  114  10:45  High Templar x4  
  114  10:46  High Templar x2  
  114  10:49  Archon  
  126  10:50  Archon  
  126  10:52  Archon  
  126  11:14  Pylon  
  126  11:16  Pylon  
  126  11:23  Zealot x3  
  132  11:28  Pylon  
  132  11:29  Pylon x2  
  132  11:30  Pylon  
  132  11:38  Zealot x4  
  102  12:01  Zealot x3  
  78  12:02  Zealot x3  
  78  12:03  Disruptor  
  82  12:08  Probe  
  82  12:09  Probe x2  
  82  12:14  High Templar  
  87  12:21  Probe  
  88  12:22  High Templar  
  88  12:23  High Templar  
  92  12:31  High Templar x3  
  92  12:33  High Templar  
  92  12:35  Archon  
  100  12:38  Archon  
  103  12:59  Zealot x3  
Tags
 
Add a new tag
Caveats
  • Supply blocks, unpowered buildings, or Contaminate may cause inaccurate times.
  • Supply counts are checked every 10 seconds.